 Dungeon Crawl Stone Soup version 0.18-a0-1267-gff090c1 (webtiles) character file.

603 4thArraOfDagon the Insei (level 7, -10/46 HPs)
             Began as a Demonspawn Air Elementalist on Feb 6, 2016.
             Shot with an arrow of frost by a centaur (15 damage)
             ... on level 6 of the Dungeon.
             The game lasted 00:14:48 (2735 turns).

4thArraOfDagon the Insei (DsAE)                     Turns: 2735, Time: 00:14:48

Health: -10/46     AC:  9    Str: 11    XL:     7   Next: 18%
Magic:  10/10      EV: 12    Int: 16    God:
Gold:   182        SH:  0    Dex: 13    Spells: 1 memorised, 9 levels left

rFire  + . .     SeeInvis .     h - scroll of random uselessness
rCold  . . .     Gourm    .     a - +2 robe
rNeg   . . .     Faith    .     (no shield)
rPois  .         Spirit   .     s - +2 helmet
rElec  .         Dismiss  .     y - +1 cloak
rCorr  .         Reflect  .     (no gloves)
SustAt .         Harm     .     (no boots)
MR     .....                    (no amulet)
Stlth  ++........               (no ring)
                                (no ring)

@: not resistant to hostile enchantments, unstealthy
A: talons 2, demonic guardian 1, fire resistance 1
a: no special abilities


You were on level 6 of the Dungeon.
You were not hungry.

You visited 1 branch of the dungeon, and saw 7 of its levels.

You collected 182 gold pieces.

Inventory:

Missiles
 q - 3 tomahawks of dispersal (quivered)
 u - 15 poisoned needles
 w - 2 curare-tipped needles
Armour
 a - a +2 robe (worn)
 s - a +2 helmet (worn)
 y - a +1 cloak (worn)
Wands
 p - a wand of random effects (46/48)
 v - a wand of flame (0/48)
 x - a wand of enslavement (0/24)
Scrolls
 h - a scroll of random uselessness (in hand)
 l - a scroll of enchant armour
 A - a scroll of enchant weapon
Potions
 o - a potion of berserk rage
 t - 2 potions of brilliance
Books
 b - a book of Air

   Spells                             Type                      Level
   a - Shock                          Conjuration/Air              1
   b - Swiftness                      Charms/Air                   2
   c - Repel Missiles                 Charms/Air                   2
   d - Static Discharge               Conjuration/Air              3
   e - Lightning Bolt                 Conjuration/Air              5
Comestibles
 c - 3 bread rations
 d - a slice of pizza
 f - 2 royal jellies
 g - a beef jerky
 k - 2 chunks of flesh
 z - 2 fruits


   Skills:
 - Level 1.7 Dodging
 - Level 1.7 Stealth
 * Level 6.1 Unarmed Combat
 - Level 2.0 Spellcasting
 - Level 2.6 Conjurations
 - Level 3.5 Air Magic


You had 9 spell levels left.
You knew the following spells:

 Your Spells              Type           Power        Failure   Level  Hunger
a - Shock                 Conj/Air       ##..         8%          1    #......


Dungeon Overview and Level Annotations

Branches:
Dungeon (7/15)
 Temple: D:4-7

Altars:
Xom

Annotations:
D:2 exclusion: door
D:4 realDonaldTrump's ghost, amateur DsEE
D:7 Joseph


Innate Abilities, Weirdness & Mutations

You have razor-sharp toenails.
A weak demonic guardian rushes to your aid.
Your flesh is heat resistant.


Message History

Evoke which item? (* to show all) (? for menu, Esc to quit)
Zapping:
p - a wand of random effects (48/48)
Press: ? - help, Shift-Dir - straight line, f/p - wyvern skeleton
Aim: a wyvern skeleton The wyvern skeleton looks slightly unstable.
This wand has 47 charges left.
The wyvern skeleton bites you!
* * * LOW HITPOINT WARNING * * *
Unknown command.
Evoke which item? (* to show all) (? for menu, Esc to quit)
Zapping:
p - a wand of random effects (47/48)
Press: ? - help, Shift-Dir - straight line, f/p - wyvern skeleton
Aim: a wyvern skeleton The wyvern skeleton is charmed.
This wand has 46 charges left.
Unknown command.
Unknown command.
Your wyvern skeleton disappears!
The centaur wields a shortbow.
The centaur shoots an arrow of frost.
The arrow of frost barely misses your ufetubus.
The arrow of frost hits you!
You die...

#######..###.#..# #.##
#.#.....#..# #.# ..#
##.###.###..###.# #.#
#.## #.###.#.##.# #.#
### #.##.###.#.# ## #.#
#.....#....# ..# #.##
#.###...##.####.#####.#.
#.###....#............#.
#......@5....c.........(
#####....######.#######)
#....######.## #.
#............######.
##...####.....#..)#.
##.### #.#....###..
#.รท.###.#....# #..
###.....#....###..
#########.#.....


You could see a centaur and a friendly ufetubus (wandering).

Vanquished Creatures
  An ogre (D:5)
  Blork the orc (D:5)
  A crimson imp (D:6)
  A giant frog skeleton (D:5)
  A hound (D:5)
  An orc priest (D:7)
  3 orc wizards
  A worker ant (D:6)
  5 adders
  A shadow imp (D:5)
  An ooze (D:2)
  6 orcs
  6 giant cockroaches
  7 goblins
  5 hobgoblins
  4 jackals (D:1)
  5 bats
  3 giant newts
  7 kobolds
  4 rats
64 creatures vanquished.

Vanquished Creatures (collateral kills)
  Duvessa (D:5)
  A centaur (D:6)
  Dowan (D:5)
3 creatures vanquished.

Vanquished Creatures (others)
  An orc wizard (D:4)
  An orc (D:7)
2 creatures vanquished.

Grand Total: 69 creatures vanquished

Notes
Turn   | Place    | Note
--------------------------------------------------------------
     0 | D:1      | 4thArraOfDagon the Demonspawn Air Elementalist began the quest for the Orb.
     0 | D:1      | Reached XP level 1. HP: 13/13 MP: 3/3
   275 | D:1      | Gained mutation: You have sharp toenails. [demonic ancestry]
   275 | D:1      | Reached XP level 2. HP: 7/19 MP: 1/5
   395 | D:1      | Reached skill level 3 in Air Magic
  1104 | D:2      | Reached XP level 3. HP: 5/24 MP: 2/6
  1227 | D:2      | Found a shimmering altar of Xom.
  1714 | D:4      | Noticed realDonaldTrump's ghost (amateur DsEE)
  1873 | D:3      | Reached skill level 1 in Unarmed Combat
  1873 | D:3      | Gained mutation: Your flesh is heat resistant. [demonic ancestry]
  1873 | D:3      | Reached XP level 4. HP: 26/30 MP: 1/7
  1956 | D:3      | Reached XP level 5. HP: 14/35 MP: 8/8
  2101 | D:4      | You fall through a shaft!
  2101 | D:5      | Entered Level 5 of the Dungeon
  2192 | D:5      | Noticed an ogre
  2198 | D:5      | Killed an ogre
  2198 | D:5      | Reached skill level 4 in Unarmed Combat
  2198 | D:5      | Gained mutation: A weak demonic guardian rushes to your aid. [demonic ancestry]
  2198 | D:5      | Reached XP level 6. HP: 26/41 MP: 5/9
  2227 | D:5      | Noticed Blork the orc
  2235 | D:5      | Killed Blork the orc
  2293 | D:5      | Noticed Duvessa
  2322 | D:5      | Killed Duvessa
  2322 | D:5      | Reached skill level 5 in Unarmed Combat
  2342 | D:5      | Killed Dowan
  2485 | D:6      | Gained mutation: You have razor-sharp toenails. [demonic ancestry]
  2485 | D:6      | Reached XP level 7. HP: 23/46 MP: 10/10
  2576 | D:6      | Reached skill level 6 in Unarmed Combat
  2639 | D:7      | Noticed Joseph
  2674 | D:6      | HP: 2/46 [poisoned by Joseph]
  2735 | D:6      | Shot with an arrow of frost by a centaur

Vault maps used:
D:1:      dpeg_arrival_windows_large_door
D:2:      xom_butterflies, roderic_hopi_sauvastika, okawaru_metal_pillars_1_2
D:3:      first_bread
D:4:      ashenzari_conservatory_becter, elyvilon_altar_5
D:5:      uniq_duvessa, uniq_blork_the_orc
D:6:      grunt_temple_overflow_open, overflow_temple_1_default,
          minmay_temple_entry_enclosed_plants
D:7:      grunt_dithmenos_shadows, nicolae_ossuary_entry_catacombs, uniq_joseph

Action                   |  1- 3 |  4- 6 |  7- 9 || total
-------------------------+-------+-------+-------++-------
Melee: Unarmed           |    12 |     6 |    30 ||    48
       Spear             |    40 |    27 |       ||    67
 Cast: Shock             |    39 |    22 |       ||    61
Evoke: Wand              |       |    24 |     7 ||    31
  Use: Potion            |     1 |     1 |     2 ||     4
       Scroll            |     4 |     6 |     4 ||    14
 Stab: Sleeping          |     5 |       |     2 ||     7
  Eat: Chunk             |     4 |     2 |     1 ||     7
